 Dungeon Crawl Stone Soup version 0.29.1-1-gd02db69 (webtiles) character file.

Game seed: 4889005175285980641

16779 Timinator the Martial Artist (level 11, -3/91 HPs)
             Began as a Demigod Transmuter on Jan 16, 2023.
             Slain by a white ugly thing (30 damage)
             ... on level 13 of the Dungeon.
             The game lasted 00:56:59 (14265 turns).

Timinator the Martial Artist (Demigod Transmuter)  Turns: 14265, Time: 00:57:01

Health: -3/91      AC: 17    Str: 14    XL:     11   Next: 84%
Magic:  19/19      EV: 22    Int: 14    God:
Gold:   656        SH:  0    Dex: 23    Spells: 9/16 levels left

rFire   . . .      SeeInvis .     - Unarmed
rCold   . . .      Faith    .   (no shield)
rNeg    + . .      Spirit   .   O - +0 acid dragon scales
rPois   +          Reflect  .   J - +0 helmet
rElec   .          Harm     .   q - +2 ratskin cloak {*Rats rPois rN+ Str-1 Int-1 Dex+1}
rCorr   +          Rampage  .   p - +0 pair of gloves
Will    +....                   y - +0 pair of boots
Stlth   ++........              m - amulet of magic regeneration
HPRegen 0.25/turn               z - +4 ring of protection
MPRegen 0.56/turn               I - +4 ring of evasion

@: wereblooded
A: high MP 1, forlorn, divine attributes
a: no special abilities


You were on level 13 of the Dungeon.
You visited 1 branch of the dungeon, and saw 13 of its levels.

You collected 1010 gold pieces.
You spent 354 gold pieces at shops.

Inventory:

Missiles
 d - 2 throwing nets
 o - 3 curare-tipped darts
 L - 4 javelins
 M - 11 poisoned darts (quivered)
Armour
 p - a +0 pair of gloves (worn)
 q - the +2 ratskin cloak (worn) {*Rats rPois rN+ Str-1 Int-1 Dex+1}
   (You found it on level 7 of the Dungeon)

   When the wearer is hurt, rats may emerge from it to assist them.
   Str:       It affects your strength (-1).
   Int:       It affects your intelligence (-1).
   Dex:       It affects your dexterity (+1).
   rPois:     It protects you from poison.
   rN:        It protects you from negative energy.
 s - a +0 cloak
 y - a +0 pair of boots (worn)
 J - a +0 helmet (worn)
 O - +0 acid dragon scales (worn)
Jewellery
 e - a ring of flight
 m - an amulet of magic regeneration (around neck)
 z - a +4 ring of protection (left hand)
 I - a +4 ring of evasion (right hand)
 P - a ring of magical power
 Q - the amulet of Elemental Vulnerability {rPois rF-- rC-- AC+8}
   (You found it on level 11 of the Dungeon)

   [amulet of nothing]

   AC:        It affects your AC (+8).
   rF:        It makes you very vulnerable to fire.
   rC:        It makes you very vulnerable to cold.
   rPois:     It protects you from poison.
Wands
 b - a wand of paralysis (12)
 k - a wand of polymorph (10)
 l - a wand of roots (17)
 E - a wand of mindburst (11)
 H - a wand of acid (7)
 N - a wand of flame (11)
Scrolls
 a - 4 scrolls of summoning {unknown}
 g - 8 scrolls of teleportation
 h - 2 scrolls of butterflies {unknown}
 n - 4 scrolls of poison {unknown}
 v - a scroll of enchant weapon {unknown}
 w - 4 scrolls of fear {unknown}
 x - a scroll of noise {unknown}
 A - 4 scrolls of amnesia {unknown}
 B - 3 scrolls of immolation {unknown}
 C - 4 scrolls of vulnerability {unknown}
 F - a scroll of acquirement {unknown}
 K - a scroll of magic mapping {unknown}
 R - a scroll of identify
Potions
 c - 5 potions of curing
 f - a potion of haste
 i - 3 potions of resistance
 j - a potion of brilliance
 r - a potion of mutation
 t - 2 potions of attraction
 D - a potion of cancellation
 G - a potion of flight


   Skills:
 + Level 6.4 Fighting
 - Level 3.4 Throwing
 - Level 3.0 Armour
 * Level 9.2 Dodging
 * Level 9.6 Unarmed Combat
 - Level 3.0 Spellcasting
 * Level 9.1 Transmutations
 * Level 4.9 Ice Magic


You had 9 spell levels left.
You knew the following spells:

 Your Spells              Type           Power      Damage    Failure   Level
a - Beastly Appendage     Tmut           54%        N/A       1%          1
b - Wereblood             Tmut           27%        N/A       1%          2
c - Ice Form              Ice/Tmut       21%        N/A       17%         4

Your spell library contained the following spells:

 Spells                   Type           Power      Damage    Failure   Level
 Freeze                   Ice            60%        1d8       4%          1
 Sting                    Tmut/Pois      56%        1d5       4%          1
 Frozen Ramparts          Ice            30%        1d5       12%         3
 Spider Form              Tmut/Pois      14%        N/A       14%         3
 Necrotise                Necr           8%         1d4       30%         1
 Poisonous Vapours        Pois/Air       4%         N/A       41%         2
 Vampiric Draining        Necr           2%         2d6       65%         3
 Hailstorm                Conj/Ice       8%         3d4       73%         4
 Olgreb's Toxic Radiance  Pois           2%         N/A       96%         4
 Agony                    Necr           2%         N/A       100%        5


Dungeon Overview and Level Annotations

Branches:
Dungeon (14/15)            Temple (0/1) D:7            Lair (0/5) D:8
    Orc (0/2) D:10
 Vaults: D:13-14

Shops:
D:4 (   D:9 *   D:10 ([


Innate Abilities, Weirdness & Mutations

You have an increased reservoir of magic. (+10% MP)
You shall have no god before yourself.
Your divine heritage dramatically boosts your attributes as you level up.


Message History

The white ugly thing is heavily wounded.
The white ugly thing pecks you but does no damage.
You closely miss the white ugly thing.
The white ugly thing is heavily wounded.
The white ugly thing completely misses you.
You hit the white ugly thing but do no damage.
The white ugly thing is heavily wounded.
The white ugly thing completely misses you.
You hit the white ugly thing but do no damage.
The white ugly thing is heavily wounded.
The white ugly thing pecks you! The white ugly thing freezes you!!
You hit the white ugly thing.
The white ugly thing is heavily wounded.
You swap places.
Your hell rat barely misses the white ugly thing.
The white ugly thing pecks your hell rat.
The white ugly thing freezes your hell rat!
Your hell rat dies!
Aiming: Mindburst
Press: ? - help, Shift-Dir - straight line, f - white ugly thing
Aim: a white ugly thing (heavily wounded, chance to affect: 47%)
Okay, then.
Aiming: Paralyse
Press: ? - help, Shift-Dir - straight line, f - white ugly thing
Aim: a white ugly thing (heavily wounded, chance to affect: 31%)
Okay, then.
Aiming: Fastroot
Press: ? - help, Shift-Dir - straight line The roots erupt in riotous growth!
Roots grab the white ugly thing.
The grasping roots constrict the white ugly thing.
You hear a shout! x2
The white ugly thing escapes!
Okay, then.
The white ugly thing attacks as you move away!
The white ugly thing pecks you but does no damage.
The white ugly thing pecks you.
* * * LOW HITPOINT WARNING * * *
The white ugly thing freezes you!!
You die...

### #.#
#####.##
#......#
#.###@##
#.# #u#
#.# #.#
#.# #.#
..# #.#
#.# #.#
#.# #.#
#.# #.#
#.. #.#


You could see a white ugly thing.

Vanquished Creatures
  The ghost of Timinator the Nimble, a journeyman GnMo of Okawaru (D:10)
  A hydra (D:10)
  A two-headed ogre (D:8)
  Erica (D:11)
  2 skeletal warriors
  An orc knight (D:10)
  Pikel (D:7)
  3 cyclopes
  Joseph (D:8)
  An unseen horror (D:10)
  Maggie (D:9)
  A komodo dragon (D:8)
  A troll (D:9)
  A hornet (D:9)
  The ghost of Thanatos the Chopper, an amateur FoFi (D:4)
  A wyvern (D:7)
  A wraith (D:11)
  A vampire (D:10)
  27 yaks
  2 steam dragons (D:8)
  A water moccasin (D:7)
  2 acid dragons (D:11)
  Duvessa (D:5)
  2 ice beasts
  2 black bears
  5 orc warriors
  2 ogres
  A lemure (D:6)
  4 centaurs
  A kobold brigand (D:10)
  2 gnoll sergeants
  7 bullfrogs
  Blork the orc (D:4)
  A necrophage (D:5)
  3 scorpions
  4 wights (D:9)
  Dowan (D:5)
  8 killer bees
  2 howler monkeys
  5 jellies
  3 hounds
  5 orc priests
  7 orc wizards
  19 gnolls
  9 adders
  2 white imps (D:7)
  2 worms
  The ghost of robotsrng the Covert, a weakling GnDe (D:4)
  3 dart slugs
  18 orcs
  5 ball pythons
  10 endoplasms
  4 giant cockroaches
  7 goblins
  8 hobgoblins
  5 jackals
  2 quokkas
  5 bats
  6 frilled lizards
  4 kobolds
  5 rats
235 creatures vanquished.

Vanquished Creatures (collateral kills)
  A komodo dragon (D:8)
  A yak (D:9)
  A shadow (D:9)
  A steam dragon (D:8)
  An orc wizard (D:11)
  A gnoll (D:9)
  An orc (D:11)
7 creatures vanquished.

Vanquished Creatures (others)
  An acid dragon (D:8)
  3 fungi
  6 plants
  5 withered plants (D:4)
15 creatures vanquished.

Grand Total: 257 creatures vanquished

Notes
Turn   | Place    | Note
-------+----------+-------------------------------------------
     0 | D:1      | Timinator the Demigod Transmuter began the quest for the
                  | Orb.
     0 | D:1      | Reached XP level 1. HP: 15/15 MP: 5/5
   151 | D:1      | Reached skill level 1 in Fighting
   509 | D:1      | Reached XP level 2. HP: 23/23 MP: 5/7
   704 | D:1      | Learned a level 2 spell: Wereblood
  1114 | D:2      | Reached XP level 3. HP: 25/28 MP: 7/9
  1799 | D:2      | Reached XP level 4. HP: 28/35 MP: 8/10
  1906 | D:2      | Reached skill level 1 in Armour
  3178 | D:4      | Reached XP level 5. HP: 41/41 MP: 10/12
  3219 | D:4      | Noticed a black bear
  3229 | D:4      | Killed a black bear
  3610 | D:4      | Noticed Blork the orc
  3627 | D:4      | Killed Blork the orc
  3628 | D:4      | Reached XP level 6. HP: 48/48 MP: 13/13
  3974 | D:4      | Found a runed translucent gate.
  3974 | D:4      | Found a runed translucent gate.
  3975 | D:4      | Found a runed translucent gate.
  3976 | D:4      | Noticed Thanatos's ghost (amateur FoFi)
  3976 | D:4      | Noticed robotsrng's ghost (weakling GnDe)
  4098 | D:4      | Found Ynapn's Antique Weapon Boutique.
  4261 | D:4      | Killed Thanatos's ghost
  4262 | D:4      | Reached XP level 7. HP: 56/56 MP: 14/14
  4265 | D:4      | Killed robotsrng's ghost
  4375 | D:5      | Entered Level 5 of the Dungeon
  5108 | D:5      | Noticed Duvessa
  5108 | D:5      | Noticed Dowan
  5128 | D:5      | Killed Duvessa
  5129 | D:5      | Reached skill level 5 in Unarmed Combat
  5139 | D:5      | Killed Dowan
  5680 | D:6      | Reached XP level 8. HP: 63/63 MP: 15/15
  5752 | D:6      | Learned a level 4 spell: Ice Form
  6088 | D:6      | Reached skill level 1 in Throwing
  6229 | D:6      | Reached skill level 5 in Dodging
  6473 | D:6      | Noticed a cyclops
  6488 | D:6      | Killed a cyclops
  6489 | D:6      | Reached skill level 5 in Transmutations
  6556 | D:7      | Noticed Pikel
  6825 | D:7      | Reached XP level 9. HP: 31/71 MP: 14/16
  7008 | D:7      | Killed Pikel
  7109 | D:7      | Found a staircase to the Ecumenical Temple.
  7183 | D:7      | Found the +2 ratskin cloak {*Rats rPois rN+ Str-1 Int-1
                  | Dex+1}
  8160 | D:8      | Noticed a two-headed ogre
  8344 | D:8      | Killed a two-headed ogre
  8659 | D:8      | Noticed a komodo dragon
  8672 | D:8      | Killed a komodo dragon
  8673 | D:8      | Reached XP level 10. HP: 80/80 MP: 14/17
  9013 | D:8      | Found a staircase to the Lair.
  9451 | D:8      | Noticed Joseph
  9451 | D:8      | Paralysed by Joseph for 3 turns
  9463 | D:8      | Paralysed by Joseph for 4 turns
  9475 | D:8      | Paralysed by Joseph for 4 turns
  9483 | D:8      | Killed Joseph
  9484 | D:8      | Reached skill level 5 in Fighting
  9814 | D:9      | Reached skill level 1 in Ice Magic
 10533 | D:9      | Noticed Maggie
 10551 | D:9      | Killed Maggie
 10789 | D:9      | Found Nametuph's Island Escapes.
 10798 | D:9      | Bought a scroll of teleportation for 36 gold pieces
 10798 | D:9      | Bought a scroll of teleportation for 36 gold pieces
 10798 | D:9      | Bought a scroll of teleportation for 36 gold pieces
 10798 | D:9      | Bought a scroll of teleportation for 36 gold pieces
 10798 | D:9      | Bought a ring of flight for 210 gold pieces
 11205 | D:10     | Entered Level 10 of the Dungeon
 11287 | D:10     | Reached XP level 11. HP: 49/88 MP: 19/19
 11538 | D:10     | Noticed an orc knight
 11563 | D:10     | Killed an orc knight
 11590 | D:10     | Found Tuef's Armour Shop.
 11592 | D:10     | Found a staircase to the Orcish Mines.
 11614 | D:10     | Found Naakis's Weapon Shop.
 11820 | D:10     | Found a runed translucent gate.
 11821 | D:10     | Found a runed translucent gate.
 11822 | D:10     | Found a runed translucent gate.
 11822 | D:10     | Noticed Timinator's ghost (journeyman GnMo)
 11823 | D:10     | Noticed a four-headed hydra
 12021 | D:10     | Killed a four-headed hydra
 12043 | D:10     | Killed Timinator's ghost
 13310 | D:11     | Noticed Erica
 13345 | D:11     | Killed Erica
 13565 | D:11     | Found the amulet of Elemental Vulnerability {rPois rF--
                  | rC-- AC+8}
 13582 | D:11     | Noticed a skeletal warrior
 13618 | D:11     | Killed a skeletal warrior
 13882 | D:11     | You fall into a shaft and drop 3 floors!
 13892 | D:14     | Noticed a skeletal warrior
 13906 | D:14     | Killed a skeletal warrior
 13912 | D:14     | Noticed a skeletal warrior
 13915 | D:14     | Noticed a skeletal warrior
 13943 | D:14     | Noticed a skeletal warrior
 13951 | D:13     | Noticed a tengu warrior
 14265 | D:13     | Slain by a white ugly thing

Illustrated notes

Levels and vault maps discovered:
D:1:      amcnicky_arrival_blooded_trapdoor, layout_loops_cross,
          minmay_misc_feat_tower
D:2:      layout_rooms, serial_rivers, chequers_serial_rivers_micro_d,
          chequers_serial_rivers_micro_a, chequers_serial_rivers_small_b,
          chequers_serial_rivers_micro_b, chequers_serial_rivers_micro_b,
          chequers_serial_rivers_micro_b,
          shapermc_ecumenical_altar_mp_urbaneastern, minmay_tripent
D:3:      layout_loops_ring, marbit_many_paths, kennysheep_potato
D:4:      layout_basic, mainiacjoe_overflow_boulevard, gammafunk_ghost_cemetery,
          serial_shops, shop, uniq_blork_the_orc
D:5:      layout_gridville, nicolae_overflow_squiral,
          nicolae_ru_great_annihilating_truth, uniq_duvessa
D:6:      layout_loops_ring, kennysheep_mini_moat, elyvilon_altar_5
D:7:      layout_basic, general_overflow_altar,
          minmay_temple_entry_stoned_glass,
          hangedman_abyss_or_decor_jellyfish_corner, uniq_pikel
D:8:      layout_basic, grunt_lair_entry_orc_guard_hut, minmay_diced_spiral,
          uniq_joseph
D:9:      layout_roguey, nicolae_sif_muna_condensation, grunt_ministairs_6,
          nicolae_island_escapes, uniq_maggie
D:10:     layout_loops_corners, zin_treasury, orc_david_3, gammafunk_ghost_split
D:11:     layout_cave_pools, nrook_pool_corridor, st_stairs_4,
          minmay_microvault, uniq_erica
D:13:     cheibrodos_tormentor_scu, layout_basic, grunt_vaults_entry_fortified,
          small_chamber_with_monster, drop_trap, chequers_decorated_corner,
          uniq_nessos
D:14:     layout_big_octagon, nicolae_uskayaw_suspiria

Skill      XL: |  1  2  3  4  5  6  7  8  9 10 11 |
---------------+----------------------------------+-----
Fighting       | 1 2 3 4 5 6 |  6.4
Spellcasting   | 2 3 |  3.0
Dodging        | 2 3 4 5 6 8 9 |  9.2
Unarmed Combat | 3 4 5 6 7 8 9 |  9.6
Transmutations | 2 3 4 5 6 8 9 |  9.1
Armour         | 1 2 3 |  3.0
Throwing       | 2 3 |  3.4
Ice Magic      | 2 4 |  4.9

Action                   |  1- 3 |  4- 6 |  7- 9 | 10-12 || total
-------------------------+-------+-------+-------+-------++-------
Melee: Unarmed           |    90 |   127 |   313 |   707 ||  1237
       Kick              |    25 |    27 |    55 |    19 ||   126
       Headbutt          |    15 |    22 |    41 |    15 ||    93
       Punch             |     3 |     1 |    19 |    50 ||    73
Throw: Dart              |     3 |     2 |     7 |    34 ||    46
       Throwing net      |       |     1 |     3 |     3 ||     7
       Javelin           |       |       |       |     7 ||     7
 Cast: Beastly Appendage |    25 |    23 |    29 |     3 ||    80
       Wereblood         |       |     3 |    17 |    26 ||    46
       Ice Form          |       |       |       |     1 ||     1
 Abil: End Transformatio |       |       |       |     1 ||     1
Evoke: Wand              |       |       |     4 |     3 ||     7
  Use: Potion            |       |     2 |     2 |     7 ||    11
       Scroll            |       |       |     8 |     3 ||    11
 Stab: Sleeping          |     1 |       |     1 |       ||     2
       Paralysed         |       |       |     6 |       ||     6
       Held in net/web   |       |       |     1 |       ||     1
       Distracted        |       |       |       |     1 ||     1
Armor: Robe              |     8 |       |       |       ||     8
       Leather armour    |     3 |    25 |     9 |       ||    37
       Skin              |       |    17 |     3 |    65 ||    85
       Ring mail         |       |       |   106 |    36 ||   142
       Acid dragon scale |       |       |       |    99 ||    99
Dodge: Dodged            |    54 |    63 |   230 |   425 ||   772
